Map: Ulrena

Players

Nedi

  • Race: Zerg Zerg
  • League: Grandmaster

Miszu - Winner!

  • Race: Terran Terran
  • League: Grandmaster

VOD

Have the link to the VOD?

Description

Time

  • Played on: June 3, 2016, 12:09 p.m.
  • Length: 9:50
Show
View Real Time Build Order
Export as new Build Order

Nedi Zerg 

Build Orders: Pool First 

Get SALT Encoding   

  12  0:05  Drone  
  13  0:12  Overlord  
  13  0:18  Drone  
  14  0:31  Drone x2  
  16  0:38  Drone  
  17  0:47  Spawning Pool  
  17  0:49  Drone  
  17  0:59  Drone  
  18  1:13  Hatchery  
  18  1:15  Extractor  
  18  1:16  Drone  
  17  1:23  Overlord  
  17  1:33  Queen  
  17  1:36  Zergling x2  
  20  1:46  Drone  
  21  1:53  Drone  
  22  2:04  Drone  
  23  2:09  Queen  
  23  2:15  Overlord  
  25  2:26  Drone  
  25  2:28  Drone  
  27  2:36  Drone  
  31  2:37  Drone  
  31  2:42  Drone  
  31  2:43  Drone  
  33  2:46  Drone  
  33  2:50  Drone  
  34  2:53  Drone  
  33  3:04  Drone  
  33  3:05  Drone, Hatchery  
  34  3:14  Drone x2  
  34  3:17  Drone x2  
  34  3:18  Drone  
  34  3:19  Drone  
  40  3:25  Drone x2  
  40  3:26  Drone  
  43  3:33  Roach Warren  
  42  3:39  Evolution Chamber  
  42  3:40  Extractor  
  40  3:44  Lair  
  40  3:47  Drone x3  
  43  3:50  Overlord, Extractor  
  43  3:53  Overlord  
  42  3:57  Drone x2  
  42  4:01  Overlord  
  44  4:07  Zerg Missile Weapons Level 1  
  44  4:09  Drone  
  45  4:13  Roach x2  
  45  4:15  Roach  
  45  4:16  Roach  
  53  4:19  Roach  
  53  4:22  Roach  
  57  4:25  Roach  
  57  4:26  Roach  
  61  4:33  Roach  
  61  4:36  Roach  
  61  4:37  Drone  
  62  4:42  Overseer  
  62  4:44  Drone  
  63  4:47  Drone  
  63  4:48  Drone  
  63  4:50  Drone  
  66  5:03  Glial Reconstitution  
  66  5:04  Roach  
  66  5:06  Roach x3  
  74  5:11  Overlord x2  
  74  5:23  Overlord  
  74  5:24  Overlord  
  74  5:27  Overlord  
  74  5:29  Queen  
  76  5:38  Roach x4  
  76  5:41  Roach  
  86  5:48  Overlord x2  
  86  6:02  Spore Crawler  
  86  6:03  Zerg Missile Weapons Level 2  
  85  6:05  Ravager x3  
  85  6:08  Roach x2  
  85  6:11  Roach  
  94  6:14  Roach  
  96  6:18  Roach  
  96  6:21  Overlord x2  
  96  6:25  Roach x2  
  101  6:26  Roach  
  101  6:27  Extractor  
  102  6:35  Roach x2  
  102  6:38  Roach  
  102  6:39  Roach  
  110  6:40  Zergling x6  
  110  6:43  Roach  
  116  6:50  Roach x2  
  116  6:52  Roach  
  89  7:09  Roach x2  
  89  7:12  Roach  
  89  7:14  Roach  
  67  7:16  Roach  
  67  7:17  Roach x2  
  67  7:18  Roach x2  
  67  7:21  Roach  
  77  7:25  Roach  
  77  7:28  Roach  
  81  7:30  Zergling x10  
  81  7:31  Zergling x2  
  87  7:39  Metabolic Boost  
  87  7:43  Zergling x10  
  92  7:46  Roach  
  92  7:48  Roach  
  97  7:51  Zergling x4  
  97  7:55  Zergling x4  
  97  7:56  Zergling x2  
  97  7:58  Ravager  
  102  8:00  Zergling x4  
  102  8:03  Zergling x2  
  102  8:04  Zergling x2  
  106  8:05  Zergling x2  
  106  8:07  Ravager  
  106  8:10  Zergling x4  
  106  8:12  Zergling x2  
  111  8:15  Zergling x2  
  111  8:16  Ravager  
  111  8:18  Zergling x4  
  111  8:19  Zergling x2  
  116  8:22  Zergling x2  
  116  8:23  Zergling x2  
  116  8:24  Zergling x2  
  116  8:26  Zergling x2  
  120  8:30  Ravager  
  122  8:34  Zergling x8  
  122  8:36  Zergling x2  
  122  8:37  Zergling x2  
  127  8:48  Ravager  
  127  8:49  Ravager  
  127  8:50  Zergling x2  
  127  8:51  Zergling x10  
  135  8:56  Zergling x4  
  135  8:57  Zergling x2  
  135  9:01  Zergling x2  
  137  9:04  Ravager  
  138  9:22  Zergling x2  
Show
View Real Time Build Order
Export as new Build Order

Miszu Terran - Winner!

Build Orders: Liberator Opening, Reaper Expand, MMM Bio 

Get SALT Encoding   

  12  0:01  SCV  
  13  0:13  SCV  
  14  0:19  Supply Depot  
  14  0:25  SCV  
  15  0:41  SCV  
  16  0:43  Barracks  
  16  0:48  Refinery  
  16  0:53  SCV  
  17  1:05  SCV  
  18  1:17  SCV  
  19  1:29  Orbital Command  
  19  1:31  Reaper  
  20  1:40  Command Center  
  20  1:49  Supply Depot  
  20  1:55  SCV  
  21  2:03  Marine  
  22  2:09  Factory  
  22  2:11  SCV  
  23  2:28  SCV  
  24  2:31  Barracks Reactor, Refinery  
  23  2:40  SCV  
  24  2:52  SCV  
  24  2:56  Orbital Command  
  25  2:59  Starport  
  25  3:00  Bunker  
  25  3:05  SCV  
  26  3:07  Marine x2, Factory Tech Lab  
  28  3:17  SCV  
  29  3:23  SCV  
  29  3:25  Marine x2, Widow Mine  
  34  3:29  SCV  
  34  3:37  SCV  
  34  3:38  Supply Depot  
  34  3:39  Medivac  
  34  3:41  SCV  
  38  3:43  Marine x2  
  40  3:49  SCV  
  40  3:53  SCV  
  42  3:58  Liberator  
  42  4:01  SCV  
  43  4:05  Command Center, SCV  
  44  4:13  SCV  
  48  4:20  Siege Tank, SCV  
  52  4:25  Supply Depot  
  50  4:39  SCV  
  50  4:40  Marine x2  
  53  4:46  SCV  
  53  4:47  Barracks  
  53  4:49  Engineering Bay, Barracks  
  53  4:50  Engineering Bay  
  54  4:53  Refinery x2  
  54  4:57  Marine, Siege Tank  
  58  5:03  SCV x2  
  58  5:09  Starport Reactor  
  58  5:15  SCV x2  
  58  5:19  Terran Infantry Armor Level 1, Orbital Command  
  59  5:23  Terran Infantry Weapons Level 1  
  59  5:27  SCV  
  60  5:32  Marine x2  
  62  5:38  SCV  
  62  5:41  Barracks Tech Lab  
  62  5:42  Barracks Tech Lab  
  63  5:45  Barracks  
  63  5:46  Barracks, SCV  
  64  5:50  Marine x2  
  64  5:52  Siege Tank  
  64  5:55  SCV  
  70  5:58  SCV  
  70  6:00  Orbital Command  
  70  6:01  Stimpack  
  70  6:02  Supply Depot x2  
  70  6:03  Combat Shields  
  71  6:07  SCV  
  71  6:08  Marine  
  71  6:10  Marauder x2  
  77  6:15  Armory  
  77  6:24  SCV x2  
  79  6:27  Marine x2  
  80  6:38  Marauder x2  
  84  6:43  Supply Depot, Missile Turret  
  84  6:45  Marine  
  84  6:46  Marine  
  86  6:51  Barracks Reactor x2  
  86  6:53  Medivac, Siege Tank  
  89  6:55  SCV x2  
  89  6:56  SCV  
  92  7:07  SCV  
  69  7:17  Marauder  
  69  7:22  Marine x3  
  74  7:26  Bunker  
  74  7:27  Supply Depot  
  74  7:29  Marine x4  
  78  7:34  Barracks  
  78  7:37  Barracks  
  78  7:38  Marine, Barracks  
  78  7:40  Marine  
  80  7:46  Marine  
  80  7:49  Concussive Shells  
  81  7:57  SCV x3  
  84  8:01  Marine  
  84  8:03  Marine, Marauder  
  84  8:05  Marine  
  88  8:08  Marauder  
  88  8:09  SCV  
  88  8:10  Marine  
  93  8:13  Marine  
  93  8:16  Siege Tank  
  93  8:18  Marine  
  93  8:19  Marine  
  99  8:24  Barracks Reactor x2, Barracks Tech Lab  
  99  8:25  Marauder  
  101  8:36  Supply Depot  
  101  8:38  Supply Depot x2  
  101  8:57  Marine, Medivac  
  101  8:58  Marauder, Siege Tank  
  101  8:59  Marine x5, Marauder x2  
  118  9:04  Medivac  
  118  9:05  Supply Depot  
  118  9:09  Supply Depot, Marine x2  
  122  9:12  Marine  
  122  9:14  Marine  
  122  9:15  Marine  
  125  9:27  Marine, Marauder  
Tags
 
Add a new tag
Caveats
  • Supply blocks, unpowered buildings, or Contaminate may cause inaccurate times.
  • Supply counts are checked every 10 seconds.